 Dungeon Crawl Stone Soup version 0.17-a0-1567-gdd419b1 (webtiles) character file.

34 ololoev the Chucker (level 3, 0/36 HPs)
             Began as an Ogre Hunter on July 22, 2015.
             Slain by a worm (1 damage)
             ... on level 2 of the Dungeon.
             The game lasted 00:05:05 (1284 turns).

ololoev the Chucker (Ogre Hunter)                   Turns: 1284, Time: 00:05:05

Health: 0/36       AC:  3    Str: 18    XL:     3   Next: 31%
Magic:  3/3        EV: 10    Int: 10    God:
Gold:   58         SH:  0    Dex: 10    Spells: 0 memorised, 2 levels left

rFire  . . .     SeeInvis .     g - +0 club
rCold  . . .     Clarity  .     d - +0 robe
rNeg   . . .     SustAt   .     (no shield)
rPois  .         Gourm    .     (helmet restricted)
rElec  .         Spirit   .     (no cloak)
rCorr  .         Warding  .     (gloves unavailable)
rMut   .         Rnd*Tele +     (boots unavailable)
MR     .....                    (no amulet)
Stlth  +.........               (no ring)
                                k - ring of teleportation (curse)

@: lethally poisoned (0 -> -6), not resistant to hostile enchantments, very
unstealthy
A: unfitting armour, tough skin 1
a: Evoke Teleportation


Innate Abilities, Weirdness & Mutations

You are too large for most types of armour.
You have tough skin (AC +1).

Inventory:

Hand weapons
 g - a +0 club (weapon)
Missiles
 a - 2 large rocks (quivered)
 b - 2 throwing nets
Armour
 d - a +0 robe (worn)
Jewellery
 k - a cursed ring of teleportation (left hand)
Scrolls
 f - 2 scrolls of identify {unknown}
 j - a scroll of teleportation {unknown}
 m - a scroll of magic mapping {unknown}
Potions
 c - a potion of heal wounds {unknown}
 i - a potion of lignification {unknown}
 l - a potion of cancellation {unknown}
Comestibles
 e - a bread ration
 h - 5 chunks of flesh


   Skills:
 - Level 2.6 Fighting
 * Level 2.0 Maces & Flails
 + Level 5.2 Throwing
 - Level 1.7 Dodging
 - Level 0.7 Stealth


You had 2 spell levels left.
You didn't know any spells.


You were on level 2 of the Dungeon.
You were not hungry.

You visited 1 branch of the dungeon, and saw 2 of its levels.

You collected 58 gold pieces.

# # ... #. #
#..#.# #.#
#....##b..##
#<..w@.....#
........S......
..............#
#.............#
#.#..........#.
# ##........##
h....#...##
..#### ##..
#########...###

Notes
Turn   | Place    | Note
--------------------------------------------------------------
     0 | D:1      | ololoev the Ogre Hunter began the quest for the Orb.
     0 | D:1      | Reached XP level 1. HP: 22/22 MP: 1/1
   434 | D:1      | Reached XP level 2. HP: 29/29 MP: 2/2
   551 | D:1      | Reached skill level 5 in Throwing
   662 | D:1      | Reached skill level 1 in Maces & Flails
  1256 | D:2      | Reached XP level 3. HP: 28/36 MP: 3/3
  1284 | D:2      | HP: 1/36 [adder (5)]
  1284 | D:2      | Slain by a worm

Dungeon Overview and Level Annotations

Branches:
Dungeon (2/15)

Altars:


Message History

You hit the kobold.
The kobold is heavily wounded.
The kobold hits you with a dagger.
You barely miss the kobold.
The kobold is heavily wounded.
The kobold hits you but does no damage.
You hit the kobold.
You kill the kobold!
Your Maces & Flails skill increases to level 2!
Found a scroll labeled VUPLOWKAPHU.
Things that are here:
a club; a hobgoblin corpse You butcher the hobgoblin corpse.
h - 5 chunks of flesh (gained 4)
You see here a club.
m - a scroll labeled FUSAOR XACVUT You are suddenly yanked towards some nearby monsters!
Your surroundings suddenly seem different.
Found a stone staircase leading up.
A bat and an adder come into view.
Unknown command.
Welcome back, ololoev the Ogre Hunter.
Press ? for a list of commands and other information.
Use which ability? (? or * to list)
You fail to use your ability.
The bat barely misses you.
Use which ability? (? or * to list)
You fail to use your ability.
The bat closely misses you. The bat hits you.
Use which ability? (? or * to list)
You fail to use your ability.
The bat misses you. The adder bites you.
Use which ability? (? or * to list)
You fail to use your ability.
The adder bites you but does no damage. The bat barely misses you.
The adder bites you.
You are poisoned.
The adder poisons you!
Use which ability? (? or * to list)
You fail to use your ability.
You feel sick. The bat hits you. The bat barely misses you.
The adder bites you.
You are more poisoned.
The adder poisons you! The worm bites you.
You die...

You could see a worm, an adder and a bat.

Vanquished Creatures
  An adder (D:2)
  2 bats (D:1)
  3 giant cockroaches (D:1)
  5 hobgoblins
  4 jackals (D:1)
  5 kobolds
  2 giant newts (D:1)
  A goblin (D:1)
23 creatures vanquished.

Action                   || total
-------------------------++-------
Melee: Short sword       ||    35
       Club              ||    63
Throw: Large rock        ||     4
 Stab: Sleeping          ||     1
  Eat: Chunk             ||     1

Vault maps used:
D:1:      sevenhm_arrival_forest_fort_small_6, minmay_box_of_dots
D:2:      grunt_temple_overflow_order_and_chaos_1, ecumenical_altar_1
